 Dungeon Sprint DCSS version 0.19-a0-1057-g15bb84d (webtiles) character file.

328 Kidiri the Covert (level 6, -4/31 (32) HPs)
             Began as a Spriggan Enchanter on Aug 2, 2016.
             Was a Follower of Okawaru.
             Slain by a warg (17 damage)
             ... in the Dungeon (Sprint VII: "The Pits").
             The game lasted 00:02:32 (349 turns).

Kidiri the Covert (Spriggan Enchanter)               Turns: 349, Time: 00:02:33

HP:   -4/31 (32)    AC:  3    Str:  4    XL:     6   Next: 25%
MP:   12/16         EV: 30    Int: 17    God:    Okawaru [*.....]
Gold: 0             SH:  0    Dex: 18    Spells: 5 memorised, 6 levels left

rFire  . . .     SeeInvis +     k - +2 dagger (venom)
rCold  . . .     Gourm    .     b - +1 robe
rNeg   . . .     Faith    .     (shield restricted)
rPois  .         Spirit   .     (helmet restricted)
rElec  .         Dismiss  .     (no cloak)
rCorr  .         Reflect  .     (gloves unavailable)
SustAt .         Harm     .     (boots unavailable)
MR     +....     NoTele   +     (no amulet)
Stlth  +++++++...               (no ring)
                                (no ring)

@: heroism, very quick, somewhat resistant to hostile enchantments, extremely
stealthy
A: unfitting armour, see invisible, herbivore 3, speed 3, slow metabolism 2
a: Heroism, Renounce Religion


You were in the Dungeon.
You worshipped Okawaru.
Okawaru was aware of your devotion.
You were not hungry.

You visited 1 branch

Inventory:

Hand Weapons
 k - a +2 dagger of venom (weapon)
Armour
 b - a +1 robe (worn)
Scrolls
 j - a scroll of blinking
 m - 3 scrolls of remove curse
 n - 5 scrolls of amnesia
 o - a scroll of summoning
Potions
 e - 6 potions of curing
 f - 6 potions of heal wounds
 g - a potion of haste
 h - 4 potions of magic
 i - 3 potions of berserk rage
 l - 2 potions of invisibility
Books
 c - a book of Maledictions

   Spells                             Type                      Level
   a - Corona                         Hexes                        1
   b - Ensorcelled Hibernation        Hexes/Ice                    2
   c - Confuse                        Hexes                        3
   d - Tukima's Dance                 Hexes                        3
   e - Dazzling Spray                 Conjuration/Hexes            3
Comestibles
 a - 40 fruits
 d - 8 bread rations


   Skills:
 + Level 2.8(7.8) Fighting
 * Level 5.7(10.7) Short Blades
 * Level 8.2(13.2) Dodging
 * Level 9.5(14.5) Stealth
 * Level 6.8 Spellcasting
 + Level 1.5 Conjurations
 + Level 5.8 Hexes
 + Level 2.4 Ice Magic
 + Level 3.8 Invocations


You had 6 spell levels left.
You knew the following spells:

 Your Spells              Type           Power        Failure   Level  Hunger
a - Corona                Hex            ####...      1%          1    None
b - Ensorcelled Hibernat  Hex/Ice        ###...       3%          2    None
c - Confuse               Hex            ####....     3%          3    ##.....
d - Tukima's Dance        Hex            ####....     3%          3    ##.....
e - Dazzling Spray        Conj/Hex       ###...       10%         3    ##.....


Dungeon Overview and Level Annotations

Branches:
Dungeon (1/1)

Altars:
Ashenzari
Cheibriados
Dithmenos
Elyvilon
Fedhas
Gozag
Kikubaaqudgha
Makhleb
Nemelex Xobeh
Okawaru
Pakellas
Qazlal
Ru
Sif Muna
Trog
Vehumet
Xom
Yredelemnul
Zin
The Shining One
Beogh
Jiyva
Lugonu


Innate Abilities, Weirdness & Mutations

You are tiny and cannot use many weapons and most armour.
You have supernaturally acute eyesight. (SInv)
You are a herbivore.
You cover ground extremely quickly.
You need consume almost no food.


Message History

The warg bites you!
You completely miss the warg.
The warg is lightly wounded.
The warg bites you.
Unknown command.
There is an open door here.
Casting: Confuse
Confirm with . or Enter, or press ? or * to list all spells.
Aiming: Ensorcelled Hibernation
Press: ? - help, Shift-Dir - straight line, f - warg
Aim: a warg (lightly wounded, poisoned, chance to defeat MR: 32%)
The warg easily resists.
Casting: Ensorcelled Hibernation
Confirm with . or Enter, or press ? or * to list all spells.
Aiming: Ensorcelled Hibernation
Press: ? - help, Shift-Dir - straight line, f/p - warg
Aim: a warg (lightly wounded, poisoned, chance to defeat MR: 32%)
The warg easily resists.
The warg bites you!
Ouch! That really hurt!
You die...

#######+#####.....
#......).(..'.....
#'#####+#####.....
#.#...#.#[[##.....
#.#..)#.#))#####+#
#.#...+.#))##.....
#.##+####))##.....
#.#....)#..##.....
#@#.....#+###...<.
#h#........##.....
#.#........##.....
#'###########.....
#.g.....# ######
#..#.#.b# #.##.# #
#....g..#
#.##.##.#


You could see a warg and a hobgoblin.

Vanquished Creatures
  2 giant eyeballs (D)
  A necrophage (D)
  A worker ant (D)
  A gnoll (D)
  A white imp (D)
  A goblin (D)
  2 ball pythons (D)
  A kobold (D)
10 creatures vanquished.

Notes
Turn   | Place    | Note
-------+----------+-------------------------------------------
     0 | D        | Kidiri the Spriggan Enchanter began the quest for the Orb.
     0 | D        | Reached XP level 1. HP: 9/9 MP: 5/5
    50 | D        | Found a sacrificial altar of Ru.
    50 | D        | Found a basalt altar of Yredelemnul.
    50 | D        | Found a shadowy altar of Dithmenos.
    50 | D        | Found a deep blue altar of Sif Muna.
    50 | D        | Found a burning altar of Makhleb.
    50 | D        | Found a shimmering altar of Xom.
    50 | D        | Found an ancient bone altar of Kikubaaqudgha.
    50 | D        | Found a sparkling altar of Nemelex Xobeh.
    51 | D        | Found a glowing golden altar of the Shining One.
    51 | D        | Found a bloodstained altar of Trog.
    51 | D        | Found a shattered altar of Ashenzari.
    51 | D        | Found a white marble altar of Elyvilon.
    51 | D        | Found a snail-covered altar of Cheibriados.
    51 | D        | Found a blossoming altar of Fedhas.
    51 | D        | Found a radiant altar of Vehumet.
    51 | D        | Found a glowing silver altar of Zin.
    51 | D        | Found a corrupted altar of Lugonu.
    51 | D        | Found a viscous altar of Jiyva.
    51 | D        | Found a roughly hewn altar of Beogh.
    51 | D        | Found an iron altar of Okawaru.
    52 | D        | Found an oddly glowing altar of Pakellas.
    57 | D        | Found a stormy altar of Qazlal.
    57 | D        | Found an opulent altar of Gozag.
    60 | D        | Became a worshipper of Warmaster Okawaru
    76 | D        | Noticed a worker ant
    82 | D        | Killed a worker ant
    82 | D        | Reached skill level 1 in Fighting
    82 | D        | Reached skill level 5 in Stealth
    82 | D        | Reached skill level 1 in Invocations
    82 | D        | Reached XP level 2. HP: 14/14 MP: 4/7
    97 | D        | Learned a level 2 spell: Ensorcelled Hibernation
   128 | D        | Noticed a giant eyeball
   129 | D        | Reached skill level 6 in Stealth
   129 | D        | Reached XP level 3. HP: 18/18 MP: 7/9
   132 | D        | Killed a giant eyeball
   132 | D        | Reached * piety under Okawaru
   132 | D        | Reached skill level 7 in Stealth
   132 | D        | Reached skill level 5 in Spellcasting
   132 | D        | Reached skill level 5 in Hexes
   132 | D        | Reached skill level 1 in Ice Magic
   132 | D        | Reached XP level 4. HP: 23/23 MP: 8/12
   132 | D        | Reached XP level 5. HP: 26/26 MP: 8/13
   137 | D        | Learned a level 3 spell: Confuse
   141 | D        | Learned a level 3 spell: Tukima's Dance
   145 | D        | Learned a level 3 spell: Dazzling Spray
   172 | D        | Noticed a giant eyeball
   172 | D        | Noticed a necrophage
   180 | D        | Killed a giant eyeball
   180 | D        | Reached skill level 5 in Short Blades
   180 | D        | Reached skill level 8 in Stealth
   180 | D        | Reached skill level 1 in Conjurations
   183 | D        | Reached skill level 9 in Stealth
   213 | D        | Killed a necrophage
   213 | D        | Reached XP level 6. HP: 30/31 MP: 2/16
   333 | D        | Noticed a warg
   349 | D        | Slain by a warg

Vault maps used:
D:        pitsprint

Skill      XL: |  1  2  3  4  5 |
---------------+----------------+-----
Fighting       | 1 2 |  2.8
Short Blades   | 2 4 5 |  5.7
Dodging        | 4 6 8 |  8.2
Stealth        | 5 6 7 9 |  9.5
Spellcasting   | 3 4 5 6 |  6.8
Hexes          | 4 5 |  5.8
Invocations    | 1 2 3 |  3.8
Ice Magic      | 1 2 |  2.4
Conjurations   | 1 |  1.5

Action                   |  1- 3 |  4- 6 || total
-------------------------+-------+-------++-------
Melee: Dagger            |     6 |    19 ||    25
 Cast: Corona            |     2 |       ||     2
       Ensorcelled Hiber |       |     5 ||     5
       Dazzling Spray    |       |     1 ||     1
Invok: Heroism           |       |     1 ||     1
 Stab: Sleeping          |     3 |     3 ||     6
Armor: Robe              |     1 |       ||     1
Dodge: Dodged            |     4 |    11 ||    15
